 Dungeon Crawl Stone Soup version 0.31.0-11-ge490571c62 (webtiles) character file.

Game seed: 464495144254233412

9 Gadfly the Ruffian (level 2, 14/21 HPs)
             Began as a Demonspawn Shapeshifter on Jan 27, 2024.
             Quit the game on level 1 of the Dungeon.
             The game lasted 00:00:25 (117 turns).

Gadfly the Ruffian (Demonspawn Shapeshifter)         Turns: 117, Time: 00:00:25

Health: 14/21      AC:  2    Str: 14    XL:     2   Next: 3%
Magic:  2/2        EV: 12    Int: 10    God:
Gold:   22         SH:  0    Dex: 12    Spells: 1/1 levels left

rFire   . .          .
                       - Unarmed
rCold   . . .        (no shield)
rNeg    . . .        a - +0 animal skin
rPois   .            (helmet currently unavailable)
rElec   .            (cloak currently unavailable)
rCorr   .            (gloves currently unavailable)
SInv    .            (boots currently unavailable)
Will    .....        (no amulet)
Stlth   +            (no ring)
HPRegen 0.23/turn    (no ring)
MPRegen 0.08/turn

%: no passive effects
@: beast-form
A: beast (slay +1), powered by pain 1
a: Begin Untransformation


You were on level 1 of the Dungeon.
You were a hulking beast.
You visited 1 branch of the dungeon, and saw 1 of its levels.

You collected 22 gold pieces.

Inventory:

Armour
 a - a +0 animal skin (worn)
Talismans
 c - a beast talisman
 d - a flux talisman
Scrolls
 e - a scroll of identify {unknown}
 f - a scroll of immolation {unknown}
Potions
 b - a potion of lignification


   Skills:
 + Level 1.1 Fighting
 * Level 2.0 Dodging
 + Level 2.8 Unarmed Combat
 * Level 0.6 Evocations
 + Level 2.7 Shapeshifting


You had one spell level left.
You didn't know any spells.
Your spell library was empty.

Dungeon Overview and Level Annotations

Branches:
Dungeon (1/15)

Altars:


Innate Abilities, Weirdness & Mutations

You are a hulking beast.
Your limbs bulge with bestial killing power. (Slay +1)
You sometimes gain a little power by taking damage.


Message History

No target in view!
No target in view!
No target in view!
No target in view!
No target in view!
No target in view!
You now have 22 gold pieces (gained 7).
A frilled lizard comes into view.
A frilled lizard is nearby!
A frilled lizard is nearby!
A frilled lizard is nearby!
A frilled lizard comes into view.
The frilled lizard hisses angrily. x2
You punch the frilled lizard!
You kill the frilled lizard!
You have reached level 2!
Your demonic ancestry asserts itself...
You feel energised by your suffering. The frilled lizard bites you.
You barely miss the frilled lizard. The frilled lizard bites you.
You barely miss the frilled lizard. The frilled lizard bites you.
You closely miss the frilled lizard. The frilled lizard barely misses you.
You miss the frilled lizard. The frilled lizard bites you.
You closely miss the frilled lizard. You punch the frilled lizard.
You kill the frilled lizard!
No target in view!
No target in view!
No target in view!
No target in view!
No target in view!
No target in view!
No target in view!
No target in view!
No target in view!
No target in view!
No target in view!
No target in view!
No target in view!
No target in view!
Are you sure you want to abandon this character and quit the game? (Confirm with "yes".)

..... .(.......#.†. #..#
########.#)## #..##
#.........
#...#####.##.##.## ..
#.......#.#.......
...##+####...[#.#.#.#..)..
#.....##..†.....#.#.....
#............####.#.....
#......h.###+# #.#.....
#.......†.....# #.####..
######........# #. #..
##+#.....# #.. ####.. #..
. #..


There were no monsters in sight!

Vanquished Creatures
  A ball python (D:1)
  A goblin (D:1)
  3 jackals (D:1)
  3 frilled lizards (D:1)
8 creatures vanquished.

Notes
Turn   | Place    | Note
-------+----------+-------------------------------------------
     0 | D:1      | Gadfly the Demonspawn Shapeshifter began the quest for the
                  | Orb.
     0 | D:1      | Reached XP level 1. HP: 15/15 MP: 1/1
   110 | D:1      | Gained mutation: You sometimes gain a little power by
                  | taking damage. [demonic ancestry]
   110 | D:1      | Reached XP level 2. HP: 21/21 MP: 2/2
   117 | D:1      | Quit the game

Illustrated notes

Levels and vault maps discovered:
D:1:      amcnicky_arrival_feature_with_door, layout_basic, minmay_bisected

Skill      XL: |  1 |
---------------+----+-----
Dodging        | 2 |  2.0
Fighting       | |  1.1
Unarmed Combat | |  2.8
Evocations     | |  0.6
Shapeshifting  | |  2.7

Action                     || total
---------------------------++-------
  Melee: Unarmed           ||    28
         Punch             ||     1
 Armour: Animal skin       ||    13
  Dodge: Dodged            ||     9
